PIO (24 & UNDER)
CHULA VISTA TACOS @ JASPER COUGARS
09/29/2029
 
TOP OF THE 1ST
Chula Vista Tacos batting - Pitching for Jasper Cougars : RHP Juan Ortíz
Pitching: RHP Juan Ortíz
Batting: RHB Preston Wooten 0-0: Called Strike
0-1: Ball
1-1: Ball
2-1: Bunt for hit - play at first, batter safe!
Batting: LHB Jean Beauchemin 0-0: Ball
1-0: SINGLE (Groundball, 4MD)
Preston Wooten to second
Batting: LHB Vernon Hill 0-0: Ball
1-0: Swinging Strike
1-1: Swinging Strike
1-2: Foul Ball, location: 2F
1-2: Ball
2-2: 3-RUN HOME RUN (Flyball, 9D), Distance : 366 ft
Batting: SHB Tony Varela 0-0: Ball
1-0: Swinging Strike
1-1: Ball
2-1: Foul Ball, location: 2F
2-2: Ball
3-2: SINGLE (Groundball, 4MD)
Batting: RHB Germán Ontiveros 0-0: Ball
Wild Pitch!
Tony Varela to second
1-0: SINGLE (Flyball, 78S)
Tony Varela to third
Batting: RHB Miguel Murillo 0-0: Ball
1-0: Ball
2-0: Called Strike
2-1: Called Strike
2-2: Ball
3-2: Base on Balls
Germán Ontiveros to second
Batting: LHB Joe Lowery 0-0: Called Strike
0-1: Ball
1-1: SINGLE (Groundball, 5D)
Tony Varela scores
Germán Ontiveros to third
Miguel Murillo to second
Batting: RHB Gonzalo García 0-0: Called Strike
0-1: Swinging Strike
0-2: Foul Ball, location: 2F
0-2: Strikes out swinging
Batting: RHB Nelson Wright 0-0: Ball
1-0: Ball
2-0: Fly out, F8 (Flyball, 8LS)
Batting: RHB Preston Wooten 0-0: Ball
1-0: Ball
2-0: Called Strike
2-1: Fielders Choice at 2nd, 5-4 (Groundball, 56)
Top of the 1st over - 4 runs, 6 hits, 0 errors, 3 left on base; Chula Vista 4 - Jasper 0
BOTTOM OF THE 1ST
Jasper Cougars batting - Pitching for Chula Vista Tacos : LHP José Hernando
Pitching: LHP José Hernando
Batting: RHB Richie Sawyer 0-0: Swinging Strike
0-1: Swinging Strike
0-2: Ground out 6-3 (Groundball, 6D)
Batting: RHB John Hutchins 0-0: Called Strike
0-1: Foul Ball, location: 2F
0-2: Ball
1-2: Strikes out looking
Batting: RHB Ben Wilson 0-0: Ball
1-0: Ball
2-0: Foul Ball, location: 2F
2-1: Swinging Strike
2-2: Strikes out swinging
Bottom of the 1st over - 0 runs, 0 hits, 0 errors, 0 left on base; Chula Vista 4 - Jasper 0
TOP OF THE 2ND
Chula Vista Tacos batting - Pitching for Jasper Cougars : RHP Juan Ortíz
Batting: LHB Jean Beauchemin 0-0: Ball
1-0: Foul Ball, location: 2F
1-1: DOUBLE (Line Drive, 78D)
Batting: LHB Vernon Hill 0-0: Ball
1-0: Ball
2-0: Called Strike
2-1: Ball
Wild Pitch!
Jean Beauchemin to third
3-1: Called Strike
3-2: Ground out U3 (Groundball, 34)
Jean Beauchemin scores
Batting: SHB Tony Varela 0-0: Called Strike
0-1: Ball
1-1: Foul Ball, location: 2F
1-2: DOUBLE (Line Drive, 7LM)
Batting: RHB Germán Ontiveros 0-0: Fly out, F7 (Flyball, 7)
Batting: RHB Miguel Murillo 0-0: Ground out 5-3 (Groundball, 56)
Top of the 2nd over - 1 run, 2 hits, 0 errors, 1 left on base; Chula Vista 5 - Jasper 0
BOTTOM OF THE 2ND
Jasper Cougars batting - Pitching for Chula Vista Tacos : LHP José Hernando
Batting: RHB José Maldonado 0-0: Ball
1-0: Ball
2-0: Foul Ball, location: 2F
2-1: Foul Ball, location: 2F
2-2: DOUBLE (Line Drive, 9LM)
Batting: RHB Júlio González 0-0: Ball
1-0: Called Strike
1-1: Ball
2-1: Called Strike
2-2: Ball
3-2: Ground out 4-3 (Groundball, 4)
José Maldonado to third
Batting: RHB Preston Manning 0-0: Foul Ball, location: 2F
0-1: Called Strike
0-2: Strikes out swinging
Batting: RHB Alberto Morín 0-0: Fly out, F8 (Flyball, 8LM)
Bottom of the 2nd over - 0 runs, 1 hit, 0 errors, 1 left on base; Chula Vista 5 - Jasper 0
TOP OF THE 3RD
Chula Vista Tacos batting - Pitching for Jasper Cougars : RHP Juan Ortíz
Batting: LHB Joe Lowery 0-0: Swinging Strike
0-1: Swinging Strike
0-2: Foul Ball, location: 2F
0-2: Ball
1-2: Strikes out swinging
Batting: RHB Gonzalo García 0-0: Ball
1-0: Foul Ball, location: 2F
1-1: Ground out 2-3 (Groundball, 2L)
Batting: RHB Nelson Wright 0-0: Ball
1-0: Ball
2-0: Fly out, F5 (Flyball, 5D)
Top of the 3rd over - 0 runs, 0 hits, 0 errors, 0 left on base; Chula Vista 5 - Jasper 0
BOTTOM OF THE 3RD
Jasper Cougars batting - Pitching for Chula Vista Tacos : LHP José Hernando
Batting: RHB Alberto Castillo 0-0: Ball
1-0: Swinging Strike
1-1: Swinging Strike
1-2: Fly out, F8 (Flyball, 8RM)
Batting: SHB Jerry Young 0-0: Called Strike
0-1: Ball
1-1: Called Strike
1-2: Fly out, F4 (Popup, 23)
Batting: RHB Richie Sawyer 0-0: Ball
1-0: Ball
2-0: Called Strike
2-1: Foul Ball, location: 2F
2-2: Ball
3-2: Strikes out looking
Bottom of the 3rd over - 0 runs, 0 hits, 0 errors, 0 left on base; Chula Vista 5 - Jasper 0
TOP OF THE 4TH
Chula Vista Tacos batting - Pitching for Jasper Cougars : RHP Juan Ortíz
Batting: RHB Preston Wooten 0-0: Ball
1-0: Swinging Strike
1-1: SINGLE (Groundball, 56D)
Pitching: LHP Edgardo Reyes
Batting: LHB Jean Beauchemin 0-0: Foul Ball, location: 2F
0-1: Ball
1-1: Ball
2-1: Ball
3-1: Base on Balls
Preston Wooten to second
Batting: LHB Vernon Hill 0-0: Ball
1-0: Swinging Strike
1-1: Swinging Strike
1-2: Foul Ball, location: 2F
1-2: Foul Ball, location: 2F
1-2: Strikes out looking
Batting: SHB Tony Varela 0-0: Called Strike
0-1: Swinging Strike
0-2: Ball
1-2: Foul Ball, location: 2F
1-2: Ball
2-2: Foul Ball, location: 2F
2-2: SINGLE (Flyball, 78S)
Preston Wooten to third
Jean Beauchemin to second
Batting: RHB Germán Ontiveros 0-0: Called Strike
0-1: Swinging Strike
0-2: Strikes out swinging
Batting: RHB Miguel Murillo 0-0: Ball
1-0: Ball
2-0: Foul Ball, location: 2F
2-1: Ball
3-1: Foul Ball, location: 2F
3-2: Base on Balls
Preston Wooten scores
Jean Beauchemin to third
Tony Varela to second
Batting: LHB Joe Lowery 0-0: Called Strike
0-1: Foul Ball, location: 2F
0-2: Ball
1-2: Strikes out swinging
Top of the 4th over - 1 run, 2 hits, 0 errors, 3 left on base; Chula Vista 6 - Jasper 0
BOTTOM OF THE 4TH
Jasper Cougars batting - Pitching for Chula Vista Tacos : LHP José Hernando
Batting: RHB John Hutchins 0-0: Ball
1-0: Swinging Strike
1-1: Foul Ball, location: 2F
1-2: Ball
2-2: Strikes out swinging
Batting: RHB Ben Wilson 0-0: Ball
1-0: Ball
2-0: Ball
3-0: Base on Balls
Batting: RHB José Maldonado 0-0: Called Strike
0-1: Called Strike
0-2: Strikes out looking
Batting: RHB Júlio González 0-0: Foul Ball, location: 2F
0-1: Foul Ball, location: 2F
0-2: Foul Ball, location: 2F
0-2: Ball
1-2: Strikes out swinging
Bottom of the 4th over - 0 runs, 0 hits, 0 errors, 1 left on base; Chula Vista 6 - Jasper 0
TOP OF THE 5TH
Chula Vista Tacos batting - Pitching for Jasper Cougars : LHP Edgardo Reyes
Batting: RHB Gonzalo García 0-0: Called Strike
0-1: Ball
1-1: Foul Ball, location: 2F
1-2: Foul Ball, location: 2F
1-2: Strikes out looking
Batting: RHB Nelson Wright 0-0: Called Strike
0-1: Ball
1-1: DOUBLE (Groundball, 5L)
Batting: RHB Preston Wooten 0-0: Ball
1-0: Fly out, F7 (Flyball, 7)
Batting: LHB Jean Beauchemin 0-0: Ball
1-0: Ball
2-0: Ball
3-0: Foul Ball, location: 2F
3-1: Foul Ball, location: 2F
3-2: Foul Ball, location: 2F
3-2: Strikes out swinging
Top of the 5th over - 0 runs, 1 hit, 0 errors, 1 left on base; Chula Vista 6 - Jasper 0
BOTTOM OF THE 5TH
Jasper Cougars batting - Pitching for Chula Vista Tacos : LHP José Hernando
Batting: RHB Preston Manning 0-0: Ball
1-0: Swinging Strike
1-1: Fly out, F8 (Line Drive, 8LM)
Batting: RHB Alberto Morín 0-0: Called Strike
0-1: Ground out 6-3 (Groundball, 56)
Batting: RHB Alberto Castillo 0-0: Ball
1-0: Ground out 6-3 (Groundball, 6S)
Bottom of the 5th over - 0 runs, 0 hits, 0 errors, 0 left on base; Chula Vista 6 - Jasper 0
TOP OF THE 6TH
Chula Vista Tacos batting - Pitching for Jasper Cougars : LHP Edgardo Reyes
Batting: LHB Vernon Hill 0-0: Ball
1-0: Ball
2-0: Ball
3-0: Base on Balls
Batting: SHB Tony Varela 0-0: Ball
1-0: Foul Ball, location: 2F
1-1: Called Strike
1-2: Ball
2-2: Foul Ball, location: 2F
2-2: Ball
3-2: Foul Ball, location: 2F
3-2: Base on Balls
Vernon Hill to second
Batting: RHB Germán Ontiveros 0-0: Ball
1-0: Ball
2-0: Foul Ball, location: 2F
2-1: Foul Ball, location: 2F
2-2: Foul Ball, location: 2F
2-2: Strikes out looking
Batting: RHB Miguel Murillo 0-0: Ball
1-0: Called Strike
1-1: Ball
2-1: Ball
3-1: Base on Balls
Vernon Hill to third
Tony Varela to second
Batting: LHB Joe Lowery 0-0: Fly out, F8 (Flyball, 8RD)
Runner from 3rd tags up, SCORES, throw made
Batting: RHB Gonzalo García 0-0: Called Strike
0-1: Called Strike
0-2: Ball
1-2: Strikes out swinging
Top of the 6th over - 1 run, 0 hits, 0 errors, 2 left on base; Chula Vista 7 - Jasper 0
BOTTOM OF THE 6TH
Jasper Cougars batting - Pitching for Chula Vista Tacos : LHP José Hernando
Batting: SHB Jerry Young 0-0: Called Strike
0-1: Swinging Strike
0-2: Ball
1-2: Strikes out swinging
Batting: RHB Richie Sawyer 0-0: Foul Ball, location: 2F
0-1: Ground out 5-3 (Groundball, 56S)
Batting: RHB John Hutchins 0-0: Called Strike
0-1: SINGLE (Line Drive, 7LS)
Batting: RHB Ben Wilson 0-0: Called Strike
John Hutchins is caught stealing 2nd base
Bottom of the 6th over - 0 runs, 1 hit, 0 errors, 0 left on base; Chula Vista 7 - Jasper 0
TOP OF THE 7TH
Chula Vista Tacos batting - Pitching for Jasper Cougars : LHP Edgardo Reyes
Batting: RHB Nelson Wright 0-0: Ball
1-0: Ground out 5-3 (Groundball, 56S)
Batting: RHB Preston Wooten 0-0: Called Strike
0-1: Foul Ball, location: 2F
0-2: Strikes out looking
Batting: LHB Jean Beauchemin 0-0: Ball
1-0: Ball
2-0: Ball
3-0: Called Strike
3-1: Called Strike
3-2: Foul Ball, location: 2F
3-2: Strikes out swinging
Top of the 7th over - 0 runs, 0 hits, 0 errors, 0 left on base; Chula Vista 7 - Jasper 0
BOTTOM OF THE 7TH
Jasper Cougars batting - Pitching for Chula Vista Tacos : LHP José Hernando
Batting: RHB Ben Wilson 0-0: Ball
1-0: DOUBLE (Line Drive, 8LD)
Batting: RHB José Maldonado 0-0: Ground out 4-3 (Groundball, 4)
Ben Wilson to third
Batting: RHB Júlio González 0-0: Called Strike
0-1: Ball
1-1: SINGLE (Line Drive, 56D)
Ben Wilson scores
Batting: RHB Preston Manning 0-0: Ball
1-0: Ball
2-0: Ball
3-0: Called Strike
3-1: Fly out, F8 (Line Drive, 8LM)
Batting: RHB Alberto Morín 0-0: Called Strike
0-1: Foul Ball, location: 2F
0-2: Strikes out swinging
Bottom of the 7th over - 1 run, 2 hits, 0 errors, 1 left on base; Chula Vista 7 - Jasper 1
TOP OF THE 8TH
Chula Vista Tacos batting - Pitching for Jasper Cougars : LHP Edgardo Reyes
Batting: LHB Vernon Hill 0-0: Called Strike
0-1: Fly out, F2 (Popup, 25F)
Batting: SHB Tony Varela 0-0: Ball
1-0: Foul Ball, location: 2F
1-1: Foul Ball, location: 2F
1-2: Ball
2-2: Ball
3-2: Ground out 5-3 (Groundball, 56S)
Batting: RHB Germán Ontiveros 0-0: Ball
1-0: Called Strike
1-1: Ball
2-1: Foul Ball, location: 2F
2-2: Foul Ball, location: 2F
2-2: Fly out, F7 (Flyball, 7D)
Top of the 8th over - 0 runs, 0 hits, 0 errors, 0 left on base; Chula Vista 7 - Jasper 1
BOTTOM OF THE 8TH
Jasper Cougars batting - Pitching for Chula Vista Tacos : LHP José Hernando
Now at 3B: Juan Vélez
Batting: RHB Alberto Castillo 0-0: Foul Ball, location: 2F
0-1: Swinging Strike
0-2: Ball
1-2: DOUBLE (Flyball, 8LD)
Pitching: RHP Ron Davis
Batting: SHB Jerry Young 0-0: Called Strike
0-1: SINGLE (Line Drive, 7S)
Alberto Castillo to third
Batting: RHB Richie Sawyer 0-0: Hit by Pitch
Jerry Young to second
Batting: RHB John Hutchins 0-0: Ball
1-0: Ball
2-0: Called Strike
2-1: Fly out, F7 (Line Drive, 7)
Runner from 3rd tags up, SCORES, no throw
Batting: RHB Ben Wilson 0-0: Fielders Choice at 2nd, 6-4 (Groundball, 6)
Jerry Young to third
Batting: RHB José Maldonado 0-0: SINGLE (Flyball, 9LS)
Jerry Young scores
Ben Wilson to second
Runner from 2nd tries for 3rd, SAFE, no throw
Batting: RHB Júlio González 0-0: Called Strike
0-1: Foul Ball, location: 2F
0-2: Ball
1-2: Strikes out swinging
Bottom of the 8th over - 2 runs, 3 hits, 0 errors, 2 left on base; Chula Vista 7 - Jasper 3
TOP OF THE 9TH
Chula Vista Tacos batting - Pitching for Jasper Cougars : LHP Edgardo Reyes
Pitching: RHP Gilberto Cuevas
Batting: RHB Miguel Murillo 0-0: Ball
1-0: Swinging Strike
1-1: Ball
2-1: Ball
3-1: Base on Balls
Batting: LHB Joe Lowery 0-0: Ball
1-0: Called Strike
1-1: Ball
2-1: Ball
3-1: Base on Balls
Miguel Murillo to second
Batting: RHB Gonzalo García 0-0: Foul Ball, location: 2F
0-1: Sac Bunt - play at first, batter OUT! 2-3
Miguel Murillo to third
Joe Lowery to second
Batting: RHB Nelson Wright 0-0: Ground out 6-3 (Groundball, 6)
Batting: RHB Preston Wooten 0-0: Ball
1-0: Ball
2-0: Swinging Strike
2-1: SINGLE (Groundball, 6MD)
Miguel Murillo scores
Joe Lowery to third
Runner from 3rd tries for Home, SAFE, no throw
Batting: LHB Jean Beauchemin 0-0: Ball
1-0: Foul Ball, location: 2F
1-1: Ball
2-1: Foul Ball, location: 2F
2-2: SINGLE (Flyball, 5D)
Preston Wooten to second
Runner from 2nd tries for 3rd, SAFE, no throw
Batting: LHB Vernon Hill 0-0: Called Strike
0-1: Ball
1-1: Ball
2-1: SINGLE (Line Drive, 78S)
Preston Wooten scores
Jean Beauchemin to second
Pitching: LHP Robert Williams
Batting: SHB Tony Varela 0-0: Called Strike
0-1: Called Strike
0-2: Foul Ball, location: 2F
0-2: Fly out, F7 (Line Drive, 7)
Top of the 9th over - 3 runs, 3 hits, 0 errors, 2 left on base; Chula Vista 10 - Jasper 3
BOTTOM OF THE 9TH
Jasper Cougars batting - Pitching for Chula Vista Tacos : RHP Ron Davis
Now at 1B: Eric Green
Now in LF: Charles Walters
Batting: RHB Preston Manning 0-0: Ball
1-0: Swinging Strike
1-1: Foul Ball, location: 2F
1-2: Ball
2-2: Strikes out looking
Batting: RHB Alberto Morín 0-0: Swinging Strike
0-1: Called Strike
0-2: Foul Ball, location: 2F
0-2: Ball
1-2: Strikes out swinging
Batting: RHB Alberto Castillo 0-0: Ball
1-0: Ground out 1-3 (Groundball, 13)
Bottom of the 9th over - 0 runs, 0 hits, 0 errors, 0 left on base; Chula Vista 10 - Jasper 3
Saturday, December 16th, 2017 - OOTP Baseball 18.8 Build 76